 Dungeon Crawl Stone Soup version 0.29.1-2-gbd0b4ee654 (webtiles) character file.

Game seed: 11528010104748485286

1423 DemonSlayer the Magician (level 8, -9/53 HPs)
             Began as a Demonspawn Fire Elementalist on Oct 29, 2022.
             Mangled by an iguana (11 damage)
             ... on level 5 of the Dungeon.
             The game lasted 00:15:56 (7225 turns).

DemonSlayer the Magician (DsFE)                     Turns: 7225, Time: 00:15:57

Health: -9/53      AC:  4    Str:  9    XL:     8   Next: 44%
Magic:  18/18      EV: 16    Int: 19    God:
Gold:   272        SH:  0    Dex: 13    Spells: 10/20 levels left

rFire   + . .      SeeInvis .   t - +5 war axe (pain)
rCold   . . .      Faith    .   (no shield)
rNeg    . . .      Spirit   .   a - +0 robe
rPois   +          Reflect  .   (no helmet)
rElec   .          Harm     .   l - +0 cloak
rCorr   .          Rampage  .   (no gloves)
Will    .....                   i - +0 pair of boots
Stlth   ++........              e - amulet of magic regeneration
HPRegen 0.17/turn               n - ring of poison resistance
MPRegen 0.56/turn               o - ring of protection from fire

@: repel missiles
A: repulsion field 3, ignite blood 1
a: no special abilities


You were on level 5 of the Dungeon.
You visited 1 branch of the dungeon, and saw 6 of its levels.

You collected 272 gold pieces.

Inventory:

Hand Weapons
 b - a +3 dagger of venom
 t - a +5 war axe of pain (weapon)
Missiles
 k - 13 poisoned darts
Armour
 a - a +0 robe (worn)
 i - a +0 pair of boots (worn)
 l - a +0 cloak (worn)
Jewellery
 e - an amulet of magic regeneration (around neck)
 n - a ring of poison resistance (left hand)
 o - a ring of protection from fire (right hand)
 u - a ring of resist corrosion
Wands
 r - a wand of mindburst (1)
Scrolls
 c - a scroll of magic mapping
 d - a scroll of amnesia
 h - a scroll of summoning {unknown}
Potions
 f - 3 potions of lignification
 j - a potion of resistance {unknown}
 m - a potion of brilliance {unknown}
 q - a potion of flight {unknown}
 s - a potion of curing
 v - a potion of mutation {unknown}


   Skills:
 + Level 0.6 Fighting
 + Level 1.2 Short Blades
 + Level 0.2 Throwing
 + Level 2.2 Dodging
 + Level 2.8 Stealth
 + Level 6.7 Spellcasting
 + Level 2.1 Conjurations
 + Level 6.5 Fire Magic


You had 10 spell levels left.
You knew the following spells:

 Your Spells              Type           Power      Damage    Failure   Level
a - Foxfire               Conj/Fire      92%        2x1d8     1%          1
b - Scorch                Fire           62%        2d8       1%          2
c - Conjure Flame         Conj/Fire      23%        6-21      5%          3
d - Flame Wave            Conj/Fire      23%        2d8       17%         4

Your spell library contained the following spells:

 Spells                   Type           Power      Damage    Failure   Level
 Inner Flame              Hex/Fire       18%        N/A       9%          3
 Olgreb's Toxic Radiance  Pois           6%         N/A       71%         4
 Summon Forest            Summ/Tloc      3%         N/A       96%         5
 Eringya's Noxious Bog    Tmut/Pois      3%         N/A       100%        6
 Ozocubu's Refrigeration  Ice            3%         4d8       100%        7
 Summon Hydra             Summ           3%         N/A       100%        7
 Ignition                 Fire           15%        3d6       100%        8


Dungeon Overview and Level Annotations

Branches:
Dungeon (6/15)
 Temple: D:4-7

Altars:
Dithmenos
Nemelex Xobeh

Shops:
D:4 :

Annotations:
D:4 Pikel
D:5 Duvessa


Innate Abilities, Weirdness & Mutations

You are surrounded by a strong repulsion field. (EV +4, RMsl)
Your demonic aura sometimes causes spilled blood to erupt in flames.


Message History

The scorpion attacks as you move away! The scorpion barely misses you.
An iguana comes into view.
You hit the scorpion.
The scorpion is moderately wounded.
The scorpion misses you.
The scorpion stings you but does no damage.
You hit the scorpion.
The scorpion is heavily wounded.
The scorpion closely misses you.
You barely miss the scorpion. Your punch misses the scorpion.
The scorpion is heavily wounded.
The scorpion stings you.
* * * LOW HITPOINT WARNING * * *
The scorpion closely misses you.
You hit the scorpion.
The scorpion is severely wounded.
The scorpion barely misses you. The scorpion stings you.
* * * LOW HITPOINT WARNING * * *
You closely miss the scorpion.
The scorpion is severely wounded.
You hit the iguana but do no damage. The iguana bites you.
* * * LOW HITPOINT WARNING * * *
The scorpion closely misses you. The iguana closely misses you.
The scorpion closely misses you.
You feel better. The scorpion closely misses you. The iguana barely misses you.
You hit the scorpion but do no damage.
The scorpion is severely wounded.
You hit the iguana. The scorpion barely misses you.
The iguana closely misses you. The scorpion misses you.
You barely miss the scorpion.
The scorpion is severely wounded.
You barely miss the iguana. The iguana misses you. The scorpion stings you.
* * * LOW HITPOINT WARNING * * *
The iguana misses you. The scorpion stings you.
* * * LOW HITPOINT WARNING * * *
You hit the scorpion.
The scorpion is almost dead.
You hit the iguana but do no damage. The scorpion misses you.
The iguana bites you!
You die...

....... #........
#........ #........
. #........ ...
#........
.....####........
......l@s........
#########........
#........ #####
#........
...####.#.....#
.........######
.###### #.........
.......###
#.#......#
.####.o.###.#......#


You could see a scorpion and an iguana.

Vanquished Creatures
  A sky beast (D:4)
  3 lemures (D:5)
  2 phantoms
  A kobold brigand (D:6)
  Blork the orc (D:6)
  A bullfrog (D:6)
  A gnoll sergeant (D:6)
  A necrophage (D:4)
  3 scorpions
  A killer bee (D:6)
  A howler monkey (D:4)
  3 orc priests
  A hound (D:6)
  2 jellies (D:6)
  Crazy Yiuf (D:4)
  Jessica (D:2)
  2 iguanas
  3 orc wizards
  Robin (D:2)
  6 gnolls
  5 adders
  2 worms
  5 dart slugs
  14 orcs
  7 bats
  7 endoplasms
  3 giant cockroaches
  19 goblins
  12 hobgoblins
  4 quokkas
  7 ball pythons
  5 frilled lizards
  9 kobolds
  3 rats
138 creatures vanquished.

Vanquished Creatures (others)
  255 foxfires
  A fungus (D:4)
256 creatures vanquished.

Grand Total: 394 creatures vanquished

Notes
Turn   | Place    | Note
-------+----------+-------------------------------------------
     0 | D:1      | DemonSlayer the Demonspawn Fire Elementalist began the
                  | quest for the Orb.
     0 | D:1      | Reached XP level 1. HP: 13/13 MP: 3/3
   589 | D:1      | Gained mutation: You are surrounded by a mild repulsion
                  | field. (EV +2) [demonic ancestry]
   589 | D:1      | Reached XP level 2. HP: 11/19 MP: 0/5
   593 | D:1      | Learned a level 2 spell: Scorch
   806 | D:1      | Found a faded altar of an unknown god.
  1770 | D:2      | Gained mutation: You are surrounded by a moderate repulsion
                  | field. (EV +3) [demonic ancestry]
  1770 | D:2      | Reached XP level 3. HP: 24/24 MP: 2/6
  1939 | D:2      | Noticed a phantom
  1946 | D:2      | Killed a phantom
  1947 | D:2      | Gained mutation: You are surrounded by a strong repulsion
                  | field. (EV +4, RMsl) [demonic ancestry]
  1947 | D:2      | Reached XP level 4. HP: 30/30 MP: 2/8
  1982 | D:2      | Noticed Jessica
  1986 | D:2      | Killed Jessica
  2017 | D:2      | Gained mutation: Your demonic aura sometimes causes spilled
                  | blood to erupt in flames. [demonic ancestry]
  2017 | D:2      | Reached XP level 5. HP: 35/35 MP: 5/9
  2023 | D:2      | Noticed Robin
  2032 | D:2      | Killed Robin
  2069 | D:2      | Reached skill level 1 in Short Blades
  2411 | D:2      | Learned a level 3 spell: Conjure Flame
  2416 | D:2      | Learned a level 4 spell: Flame Wave
  2984 | D:3      | Found a shadowy altar of Dithmenos.
  3230 | D:3      | You fall into a shaft and drop 1 floor!
  3236 | D:4      | Reached XP level 6. HP: 41/41 MP: 6/11
  3831 | D:4      | Noticed a sky beast
  3834 | D:4      | Found Ygetemig's Book Boutique.
  4236 | D:4      | Killed a sky beast
  4237 | D:4      | Reached skill level 5 in Fire Magic
  4237 | D:4      | Reached XP level 7. HP: 46/46 MP: 6/13
  4714 | D:4      | Found a runed translucent door.
  4715 | D:4      | Noticed Crazy Yiuf
  4720 | D:4      | Killed Crazy Yiuf
  5016 | D:3      | Found a sparkling altar of Nemelex Xobeh.
  5087 | D:5      | Entered Level 5 of the Dungeon
  5087 | D:5      | Noticed Pikel
  6061 | D:5      | Reached skill level 5 in Spellcasting
  6275 | D:5      | Noticed Duvessa
  6703 | D:6      | Reached XP level 8. HP: 53/53 MP: 10/16
  7014 | D:6      | Noticed Blork the orc
  7028 | D:6      | Killed Blork the orc
  7221 | D:5      | HP: 1/53 [iguana (4)]
  7225 | D:5      | Mangled by an iguana

Illustrated notes

Levels and vault maps discovered:
D:1:      dpeg_arrival_rhombus, layout_basic, nicolae_ecumenical_lake_church
D:2:      layout_basic, reono_crystal_passage, uniq_robin, uniq_jessica
D:3:      layout_loops_corners, nemelex_spade_bored_becter,
          grunt_dithmenos_smoke_and_mirrors
D:4:      layout_loops_ring, serial_shops, nicolae_shop_trees,
          uniq_crazy_yiuf_cottage
D:5:      layout_rooms, uniq_duvessa, uniq_pikel
D:6:      layout_loops_corners, overflow_temple_1_default,
          minmay_misc_feat_columns, uniq_maggie, uniq_blork_the_orc

Skill      XL: |  1  2  3  4  5  6  7  8 |
---------------+-------------------------+-----
Fire Magic     | 3 4 5 6 |  6.5
Dodging        | 2 |  2.2
Stealth        | 2 |  2.8
Conjurations   | 2 |  2.1
Spellcasting   | 3 4 5 6 |  6.7
Short Blades   | 1 |  1.2
Fighting       | |  0.6
Throwing       | |  0.2

Action                   |  1- 3 |  4- 6 |  7- 9 || total
-------------------------+-------+-------+-------++-------
Melee: Unarmed           |     2 |       |       ||     2
       Short sword       |    17 |       |       ||    17
       Dagger            |       |    15 |    19 ||    34
       War axe           |       |       |     8 ||     8
Throw: Dart              |     5 |     7 |       ||    12
       Throwing net      |       |     1 |     1 ||     2
 Cast: Foxfire           |    95 |    61 |       ||   156
       Scorch            |       |    62 |   106 ||   168
       Conjure Flame     |       |     1 |       ||     1
  Use: Potion            |     2 |     2 |     6 ||    10
       Scroll            |       |    11 |     5 ||    16
 Stab: Sleeping          |     1 |     5 |       ||     6
Armor: Robe              |     3 |     1 |    11 ||    15
       Skin              |       |     1 |       ||     1
Dodge: Dodged            |    36 |    26 |   108 ||   170
       Repelled          |       |       |     1 ||     1
